 Dungeon Crawl Stone Soup version 0.28.0-62-gf88900778d (webtiles) character file.

Game seed: 9115114098045787182

4645 cbfl8 the Protected (level 10, -1/90 HPs)
             Began as a Gargoyle Berserker on July 6, 2023.
             Was an Elder of Trog.
             Slain by a troll (2 damage)
             ... on level 9 of the Dungeon.
             The game lasted 00:09:41 (9964 turns).

cbfl8 the Protected (Gargoyle Berserker)            Turns: 9964, Time: 00:09:41

Health: -1/90      AC: 27    Str: 21    XL:     10   Next: 43%
Magic:  10/10      EV:  4    Int:  8    God:    Trog [****..]
Gold:   393        SH:  0    Dex: 13    Spells: 9/9 levels left

rFire   + . .      SeeInvis .   y - +4 flail
rCold   + . .      Faith    .   s - orb {light}
rNeg    + . .      Spirit   .   g - +0 gold dragon scales
rPois   ∞          Reflect  .   (no helmet)
rElec   +          Harm     .   (no cloak)
rCorr   .          Rampage  .   f - +0 pair of gloves
Will    .....                   a - +0 pair of boots
Stlth   ..........              (no amulet)
HPRegen 0.25/turn               i - ring of flight
MPRegen 0.12/turn               (no ring)

@: berserking, flying, glowing, very quick
A: sickness immunity, AC +7, negative energy resistance 1, electricity
resistance, torment resistance 1, petrification resistance
a: Renounce Religion, Berserk, Trog's Hand, Brothers in Arms


You were on level 9 of the Dungeon.
You worshipped Trog.
Trog was greatly pleased with you.
You visited 1 branch of the dungeon, and saw 9 of its levels.
You also visited: Sewer.

You collected 473 gold pieces.
You spent 80 gold pieces at shops.

Inventory:

Hand Weapons
 y - a +4 flail (weapon)
Armour
 a - a +0 pair of boots (worn)
 f - a +0 pair of gloves (worn)
 g - +0 gold dragon scales (worn)
 s - an orb of light (worn)
Jewellery
 i - a ring of flight (left hand)
Wands
 n - a wand of charming (16)
 v - a wand of mindburst (28) (quivered)
Scrolls
 b - a scroll of silence
 c - 3 scrolls of enchant weapon
 d - 3 scrolls of blinking
 e - a scroll of fog
 h - 2 scrolls of noise
 k - a scroll of summoning
 m - 3 scrolls of teleportation
 t - a scroll of immolation
 w - a scroll of holy word {unknown}
 x - a scroll of amnesia {unknown}
 B - a scroll of brand weapon {unknown}
Potions
 j - a potion of cancellation {unknown}
 l - a potion of lignification {unknown}
 o - 2 potions of curing
 p - 2 potions of heal wounds {unknown}
 q - a potion of haste {unknown}
 r - 2 potions of flight {unknown}
 u - a potion of might {unknown}
 z - a potion of ambrosia
 A - a potion of brilliance {unknown}


   Skills:
 + Level 6.2 Fighting
 + Level 8.4 Maces & Flails
 * Level 5.1 Throwing
 * Level 9.7 Armour
 - Level 1.5 Dodging
 + Level 0.2 Stealth
 * Level 5.1 Evocations


You had 9 spell levels left.
You didn't know any spells.
Your spell library was empty.

Dungeon Overview and Level Annotations

Branches:
Dungeon (9/15)             Temple (0/1) D:4           Sewer (visited)
   Lair: D:8-11         Orc: D:9-12

Altars:
Okawaru
Zin

Shops:
D:7 *   D:8 !


Innate Abilities, Weirdness & Mutations

You are immune to sickness and miasma.
Your stone body is resilient. (AC +7)
You are immune to poison.
You resist negative energy. (rN+)
You are resistant to electric shocks. (rElec)
You are resistant to unholy torment.
You are immune to petrification.


Message History

You start resting.
You start resting.
You hear the faint creaking of a portcullis very nearby.
You reach down and open the door.
Found a twisted gold wand.
There is an open door here.
A troll comes into view.
The troll shouts!
You see here a wand of flame (9).
The troll bites you. The troll claws you. The troll barely misses you.
You thump the troll!
The troll is moderately wounded.
The troll bites you but does no damage.
The troll claws you but does no damage. x2
You barely miss the troll.
The troll is moderately wounded.
The troll bites you.
* * * LOW HITPOINT WARNING * * *
The troll claws you but does no damage. The troll barely misses you.
A red film seems to cover your vision as you go berserk!
You feel yourself moving faster!
You feel mighty! The troll bites you!
* * * LOW HITPOINT WARNING * * *
The troll claws you.
* * * LOW HITPOINT WARNING * * *
The troll claws you but does no damage.
You hit the troll but do no damage.
The troll is lightly wounded.
The troll bites you but does no damage. The troll barely misses you. x2
You sock the troll!
The troll is heavily wounded.
The troll bites you!
* * * LOW HITPOINT WARNING * * *
The troll claws you.
* * * LOW HITPOINT WARNING * * *
The troll claws you but does no damage.
You hit the troll.
The troll is severely wounded.
You sock the troll!
The troll is almost dead.
The troll bites you.
You die...

#####+####### #########
#...........#####........
#...........'...#........
#........†..###.'........
#...........# ###........
#...........# #........
#######'##### #........
#/### ########' #.@T# #.
###...# #. ##+# #.
######' #...... #......
#...... +...... #......


You could see a troll.

Vanquished Creatures
  Maurice (D:8)
  Joseph (D:7)
  Maggie (D:6)
  A hornet (D:9)
  The ghost of macfelon the Conjurer, an amateur DECj of the Shining One (D:3)
  A wyvern (D:8)
  3 vampire mosquitoes (D:7)
  Menkaure (D:4)
  A water moccasin (D:6)
  Pargi (Sewer)
  An orc warrior (D:7)
  2 ice beasts
  A necrophage (D:8)
  A phantom (D:5)
  2 bullfrogs
  A wyvern zombie (D:8)
  2 scorpions
  9 killer bees (D:8)
  A howler monkey (D:6)
  15 wights
  A bullfrog zombie (D:6)
  3 hounds
  2 bullfrog skeletons
  4 orc priests
  Jessica (D:3)
  2 iguanas (D:5)
  5 orc wizards
  A mummy (D:8)
  5 adders
  2 shadow imps
  3 white imps
  An adder skeleton (D:4)
  A worm (D:3)
  3 dart slugs
  20 orcs
  7 endoplasms
  5 giant cockroaches
  7 goblins
  3 hobgoblins
  7 jackals
  5 quokkas
  8 ball pythons
  9 bats
  6 frilled lizards
  10 kobolds
  3 rats (D:1)
171 creatures vanquished.

Notes
Turn   | Place    | Note
-------+----------+-------------------------------------------
     0 | D:1      | cbfl8 the Gargoyle Berserker began the quest for the Orb.
     0 | D:1      | Reached XP level 1. HP: 14/14 MP: 1/1
    19 | D:1      | Reached XP level 2. HP: 19/19 MP: 2/2
   561 | D:1      | Reached ** piety under Trog
   626 | D:1      | You fall into a shaft and drop 1 floor!
   639 | D:2      | Reached skill level 1 in Evocations
   639 | D:2      | Reached XP level 3. HP: 15/24 MP: 3/3
   831 | D:1      | Reached skill level 1 in Throwing
   856 | D:1      | Reached XP level 4. HP: 18/29 MP: 4/4
  1732 | D:2      | Found a faded altar of an unknown god.
  2200 | D:3      | Found a runed translucent door.
  2200 | D:3      | Noticed macfelon's ghost (amateur DECj)
  2265 | D:3      | Noticed Jessica
  2271 | D:3      | Killed Jessica
  2272 | D:3      | Reached skill level 3 in Armour
  2272 | D:3      | Reached XP level 5. HP: 31/33 MP: 5/5
  2594 | D:3      | Reached *** piety under Trog
  2898 | D:3      | Killed macfelon's ghost
  2899 | D:3      | Reached skill level 4 in Armour
  2899 | D:3      | Reached XP level 6. HP: 38/38 MP: 6/6
  3000 | D:4      | Found a staircase to the Ecumenical Temple.
  3065 | D:4      | Noticed Menkaure
  3074 | D:4      | Killed Menkaure
  3471 | D:4      | Reached XP level 7. HP: 34/43 MP: 7/7
  3760 | D:5      | Entered Level 5 of the Dungeon
  3790 | D:5      | Reached skill level 5 in Maces & Flails
  3819 | D:5      | Reached skill level 5 in Armour
  4019 | D:5      | Found a glowing drain.
  4041 | Sewer    | Entered a sewer
  4259 | Sewer    | Noticed Pargi
  4281 | Sewer    | Killed Pargi
  4646 | D:5      | Reached XP level 8. HP: 44/48 MP: 8/8
  4749 | D:5      | Reached skill level 6 in Armour
  5539 | D:6      | Noticed Maggie
  5549 | D:6      | Killed Maggie
  6095 | D:6      | Reached skill level 7 in Armour
  6103 | D:6      | Reached skill level 5 in Fighting
  6113 | D:6      | Reached XP level 9. HP: 46/54 MP: 9/9
  6826 | D:7      | Reached **** piety under Trog
  6836 | D:7      | Reached skill level 8 in Armour
  7458 | D:7      | Found an iron altar of Okawaru.
  7522 | D:7      | Noticed Joseph
  7540 | D:7      | Killed Joseph
  7579 | D:7      | Found Atwukug's General Store.
  8261 | D:8      | Reached skill level 9 in Armour
  8267 | D:8      | Reached XP level 10. HP: 32/60 MP: 10/10
  9044 | D:8      | Noticed Maurice
  9049 | D:8      | Killed Maurice
  9050 | D:8      | Reached skill level 5 in Evocations
  9255 | D:8      | Found a glowing silver altar of Zin.
  9346 | D:8      | Found Soariecukh's Distillery.
  9354 | D:8      | Bought a potion of ambrosia for 80 gold pieces
  9394 | D:8      | Reached skill level 5 in Throwing
  9962 | D:9      | HP: 1/90 [troll (6)]
  9964 | D:9      | Slain by a troll

Illustrated notes

Levels and vault maps discovered:
D:1:      heliophobic_arrival_henge, layout_rooms, minmay_heptomino_d4
D:2:      layout_loops_ring, chequers_ecumenical_altar_grove,
          nicolae_underground_beach
D:3:      layout_loops_ring, hellmonk_ghost_happy_afterlife, uniq_jessica
D:4:      layout_rooms, temple_fountains, uniq_menkaure
D:5:      layout_loops_corners, portal_sewer_entry_d, minmay_misc_feat_rows,
          hangedman_abyss_or_decor_stabs, minmay_misc_feat_five
D:6:      layout_basic, uniq_maggie
D:7:      layout_basic, mainiacjoe_overflow_concentric_impassable, serial_shops,
          nicolae_shop_stone, uniq_joseph
D:8:      layout_loops_ring, zin_statuary, serial_undead, serial_undead_f,
          serial_undead_f, serial_undead_f, serial_undead_c, serial_shops,
          nicolae_shop_advertising_works [nicolae_subvault_shop_adworks],
          chequers_serial_rivers_small_a, uniq_maurice
D:9:      layout_roguey, lair_entry_dummy, enter_bailey_2

Skill      XL: |  1  2  3  4  5  6  7  8  9 10 |
---------------+-------------------------------+-----
Evocations     | 1 2 3 4 5 |  5.1
Throwing       | 1 2 3 4 5 |  5.1
Armour         | 3 4 5 7 9 |  9.7
Fighting       | 4 5 6 |  6.2
Maces & Flails | 4 5 6 7 8 |  8.4
Dodging        | |  1.5
Stealth        | |  0.2

Action                   |  1- 3 |  4- 6 |  7- 9 | 10-12 || total
-------------------------+-------+-------+-------+-------++-------
Melee: Mace              |   103 |   160 |   207 |       ||   470
       Punch             |       |     2 |     2 |       ||     4
       Flail             |       |       |   128 |    93 ||   221
Invok: Berserk           |     1 |     2 |     6 |     3 ||    12
       Trog's Hand       |       |     1 |       |       ||     1
Evoke: Wand              |       |       |       |     4 ||     4
  Use: Scroll            |       |     6 |     4 |     1 ||    11
       Potion            |       |     4 |       |       ||     4
Armor: Animal skin       |    32 |       |       |       ||    32
       Gold dragon scale |    48 |   193 |   397 |    94 ||   732
Dodge: Dodged            |    49 |    27 |    74 |    30 ||   180
